General information
- name: BNet
- type: Ladder team game (AT/RT)
- host: Battle.net
- saver: Marxes
map: Cherryville
- players: 8
- length: 59:18
- speed: Fast
- version: 1.26 W3XP
- replay type: Public
» download(302 KB)
Players
team 1 (loser)

»
jewBroadsSuck (
red | 107 APM | 1414 actions | 13:15)
4 Goblin Tinker
2 Pocket Factory
2 Engineering Upgrade
» actions
| Assign group hotkey | 438 | |
| Basic commands | 37 | |
| Build / train | 51 | |
| Enter build submenu | 14 | |
| Enter hero's abilities submenu | 4 | |
| Give item / drop item | 3 | |
| Right click | 369 | |
| Select / deselect | 146 | |
| Select group hotkey | 279 | |
| Use ability | 72 | |
1414 total
» units
| Acolyte | 8 | |
| Ghoul | 5 | |
| Necromancer | 5 | |
| Meatwagon | 4 | |
| Obsidian Statue | 1 | |
23 total
» upgrades
| Unholy Strength | 2 | |
| Exhume Corpses | 1 | |
| Skeletal Mastery | 1 | |
| Necromancer Training | 2 | |
| Disease Cloud | 1 | |
7 total
» buildings
| Crypt | 1 | |
| Ziggurat | 8 | |
| Graveyard | 1 | |
| Altar of Darkness | 1 | |
| Nerubian Tower | 1 | |
| Spirit Tower | 5 | |
| Halls of the Dead | 1 | |
| Tomb of Relics | 1 | |
| Necropolis | 1 | |
| Black Citadel | 1 | |
| Temple of the Damned | 2 | |
| Slaughterhouse | 2 | |
25 total
» build order
00:16 Crypt
00:28 Ziggurat
01:04 Graveyard
01:09 Ziggurat
01:39 Altar of Darkness
02:14 Nerubian Tower
03:13 Spirit Tower
03:52 Halls of the Dead
04:53 Tomb of Relics
05:17 Necropolis
06:14 Black Citadel
06:32 Temple of the Damned
06:33 Temple of the Damned
06:37 Slaughterhouse
06:38 Slaughterhouse
06:53 Ziggurat
06:57 Ziggurat
07:17 Ziggurat
07:23 Ziggurat
07:58 Spirit Tower
09:14 Ziggurat
09:15 Ziggurat
10:18 Spirit Tower
10:32 Spirit Tower
11:54 Spirit Tower
» items
| Healing Salve | 1 | |
| Lesser Clarity Potion | 1 | |
| Rod of Necromancy | 1 | |
| Potion of Lesser Invulnerability | 1 | |
| Scroll of Healing | 2 | |
| Potion of Invisibility | 1 | |
| Orb of Corruption | 1 | |
8 total
LoveChampion (
pink | 62 APM | 3686 actions | 59:17)
9 Blademaster
3 Wind Walk
3 Critical Strike
3 Mirror Image
» actions
| Assign group hotkey | 46 | |
| Basic commands | 32 | |
| Build / train | 133 | |
| Enter build submenu | 96 | |
| Enter hero's abilities submenu | 10 | |
| Give item / drop item | 6 | |
| Remove unit from queue | 9 | |
| Right click | 1642 | |
| Select / deselect | 712 | |
| Select group hotkey | 690 | |
| Use ability | 310 | |
3686 total
» units
| Peon | 22 | |
| Grunt | 3 | |
| Goblin Shredder | 2 | |
| Wind Rider | 16 | |
| Troll Batrider | 11 | |
| Gargoyle | 10 | |
64 total
» upgrades
| Ranged Weapons | 3 | |
| Armor | 3 | |
| Pillage | 1 | |
| Reinforced Defenses | 1 | |
| Envenomed Spears | 1 | |
| Spiked Barricades | 1 | |
| Creature Attack | 3 | |
| Creature Carapace | 2 | |
| Stone Form | 1 | |
| Liquid Fire | 1 | |
17 total
» buildings
| Altar of Storms | 1 | |
| Orc Burrow | 14 | |
| Barracks | 1 | |
| Voodoo Lounge | 1 | |
| Stronghold | 1 | |
| Great Hall | 8 | |
| War Mill | 4 | |
| Beastiary | 3 | |
| Fortress | 1 | |
| Watch Tower | 50 | |
| Halls of the Dead | 1 | |
| Ziggurat | 15 | |
| Graveyard | 1 | |
| Nerubian Tower | 1 | |
| Altar of Darkness | 1 | |
| Spirit Tower | 2 | |
| Crypt | 4 | |
| Black Citadel | 1 | |
110 total
» build order
00:26 Altar of Storms
00:34 Orc Burrow
00:58 Barracks
01:36 Orc Burrow
01:59 Voodoo Lounge
03:39 Stronghold
05:32 Great Hall
06:50 War Mill
07:42 Great Hall
09:57 Beastiary
09:58 Beastiary
09:58 Beastiary
10:44 Orc Burrow
10:45 Orc Burrow
10:46 Orc Burrow
11:37 War Mill
12:48 Fortress
14:45 Watch Tower
14:45 Watch Tower
14:46 Watch Tower
14:47 Watch Tower
14:47 Watch Tower
14:48 Watch Tower
14:50 Watch Tower
14:50 Watch Tower
14:50 Watch Tower
14:52 Watch Tower
14:53 Watch Tower
14:54 Watch Tower
14:54 Watch Tower
14:56 Watch Tower
14:56 Watch Tower
15:14 Watch Tower
15:15 Watch Tower
15:15 Watch Tower
15:16 Watch Tower
15:18 Watch Tower
15:20 Watch Tower
15:21 Watch Tower
15:22 Watch Tower
15:34 Watch Tower
15:35 Watch Tower
16:40 Watch Tower
16:41 Watch Tower
16:43 Watch Tower
16:46 Watch Tower
16:48 Watch Tower
16:49 Watch Tower
16:52 Watch Tower
20:30 Orc Burrow
20:49 Orc Burrow
20:51 Orc Burrow
20:58 Orc Burrow
23:34 Watch Tower
23:34 Watch Tower
23:47 Watch Tower
23:47 Watch Tower
25:34 Great Hall
25:36 Watch Tower
25:37 Watch Tower
25:38 Watch Tower
26:26 Orc Burrow
26:27 Orc Burrow
26:28 Orc Burrow
26:52 Orc Burrow
26:58 War Mill
27:43 War Mill
30:13 Great Hall
30:58 Watch Tower
30:58 Watch Tower
31:00 Watch Tower
31:02 Watch Tower
31:02 Watch Tower
32:04 Halls of the Dead
32:12 Ziggurat
32:13 Ziggurat
32:14 Ziggurat
32:15 Ziggurat
32:17 Ziggurat
32:18 Ziggurat
32:21 Ziggurat
32:22 Ziggurat
32:40 Watch Tower
32:40 Watch Tower
32:41 Watch Tower
32:42 Watch Tower
32:49 Watch Tower
32:55 Watch Tower
33:18 Graveyard
33:24 Nerubian Tower
33:26 Ziggurat
33:27 Ziggurat
33:33 Ziggurat
34:33 Altar of Darkness
35:26 Spirit Tower
35:39 Crypt
35:41 Crypt
35:47 Crypt
35:49 Crypt
35:53 Ziggurat
36:06 Ziggurat
36:06 Ziggurat
36:08 Ziggurat
36:21 Black Citadel
37:33 Spirit Tower
45:11 Great Hall
50:18 Great Hall
54:10 Great Hall
55:22 Great Hall
59:10 Orc Burrow
» items
| Healing Salve | 7 | |
| Orb of Lightning | 1 | |
| Scroll of Town Portal | 4 | |
| Potion of Healing | 6 | |
| Lesser Clarity Potion | 3 | |
| Staff of Teleportation | 1 | |
| Boots of Speed | 1 | |
| Potion of Mana | 2 | |
25 total
GeneralCuster (
orange | 18 APM | 550 actions | 29:57)
7 Demon Hunter
3 Immolation
3 Evasion
1 Metamorphosis
» actions
| Basic commands | 144 | |
| Build / train | 98 | |
| Enter build submenu | 23 | |
| Enter hero's abilities submenu | 7 | |
| Right click | 9 | |
| Select / deselect | 222 | |
| Use ability | 47 | |
550 total
» units
| Wisp | 21 | |
| Archer | 18 | |
| Glaive Thrower | 4 | |
| Hippogryph | 18 | |
| Huntress | 8 | |
| Mountain Giant | 5 | |
74 total
» upgrades
| Strength of the Moon | 1 | |
| Moon Armor | 1 | |
| Strength of the Wild | 2 | |
| Reinforced Hides | 2 | |
| Ultravision | 1 | |
| Improved Bows | 1 | |
| Resistant Skin | 1 | |
9 total
» buildings
| Altar of Elders | 1 | |
| Ancient of War | 1 | |
| Moon Well | 8 | |
| Tree of Ages | 1 | |
| Hunter's Hall | 1 | |
| Ancient of Wonders | 1 | |
| Tree of Life | 1 | |
| Ancient Protector | 5 | |
| Ancient of Wind | 2 | |
| Tree of Eternity | 1 | |
| Ancient of Lore | 1 | |
| Nerubian Tower | 1 | |
24 total
» build order
00:29 Altar of Elders
00:45 Ancient of War
00:58 Moon Well
02:07 Moon Well
03:17 Tree of Ages
03:24 Moon Well
05:09 Hunter's Hall
05:14 Ancient of Wonders
05:36 Moon Well
05:44 Moon Well
06:26 Tree of Life
06:54 Ancient Protector
09:12 Ancient of Wind
11:24 Ancient Protector
11:29 Ancient Protector
11:35 Ancient Protector
13:51 Moon Well
14:46 Moon Well
14:59 Moon Well
18:55 Ancient of Wind
19:43 Tree of Eternity
20:19 Ancient of Lore
20:31 Nerubian Tower
22:42 Ancient Protector
» items
| Scroll of Town Portal | 2 | |
| Potion of Healing | 2 | |
4 total
team 2 (winner)

»
doomed (
purple | 44 APM | 2279 actions | 51:56)
6 Dark Ranger
1 Black Arrow
2 Life Drain
2 Silence
1 Charm
5 Priestess of the Moon
3 Trueshot Aura
1 Searing Arrows
1 Starfall
» actions
| Assign group hotkey | 14 | |
| Basic commands | 98 | |
| Build / train | 127 | |
| Enter build submenu | 32 | |
| Enter hero's abilities submenu | 12 | |
| Give item / drop item | 5 | |
| Remove unit from queue | 4 | |
| Right click | 1201 | |
| Select / deselect | 651 | |
| Select group hotkey | 26 | |
| Use ability | 109 | |
2279 total
» units
| Wisp | 24 | |
| Archer | 15 | |
| Hippogryph | 14 | |
| Dryad | 6 | |
| Chimaera | 17 | |
| Goblin Sapper | 10 | |
86 total
» upgrades
| Strength of the Moon | 3 | |
| Moon Armor | 2 | |
| Strength of the Wild | 3 | |
| Reinforced Hides | 2 | |
| Hippogryph Taming | 1 | |
| Improved Bows | 1 | |
| Well Spring | 1 | |
| Druid of the Claw Training | 0 | |
13 total
» buildings
| Moon Well | 8 | |
| Ancient of War | 1 | |
| Altar of Elders | 1 | |
| Hunter's Hall | 1 | |
| Tree of Life | 3 | |
| Ancient Protector | 8 | |
| Tree of Ages | 1 | |
| Ancient of Wonders | 1 | |
| Tree of Eternity | 1 | |
| Ancient of Wind | 2 | |
| Ancient of Lore | 1 | |
| Chimaera Roost | 2 | |
30 total
» build order
00:15 Moon Well
00:35 Ancient of War
00:52 Altar of Elders
01:14 Moon Well
02:34 Moon Well
03:40 Hunter's Hall
04:40 Tree of Life
04:59 Ancient Protector
05:35 Ancient Protector
05:37 Ancient Protector
05:46 Moon Well
07:01 Tree of Ages
07:24 Ancient of Wonders
08:14 Moon Well
08:16 Moon Well
09:44 Tree of Eternity
09:52 Ancient of Wind
09:55 Ancient of Wind
10:31 Ancient of Lore
11:26 Moon Well
11:29 Moon Well
12:06 Chimaera Roost
12:08 Chimaera Roost
24:03 Tree of Life
32:38 Tree of Life
33:40 Ancient Protector
33:42 Ancient Protector
33:44 Ancient Protector
33:46 Ancient Protector
33:48 Ancient Protector
» items
| Dust of Appearance | 1 | |
| Scroll of Town Portal | 3 | |
| Staff of Teleportation | 1 | |
5 total
Marxes (
green | 44 APM | 2584 actions | 59:18)
6 Lich
3 Frost Nova
2 Frost Armor
1 Death and Decay
» actions
| Assign group hotkey | 41 | |
| Basic commands | 211 | |
| Build / train | 128 | |
| ESC pressed | 2 | |
| Enter build submenu | 40 | |
| Enter hero's abilities submenu | 6 | |
| Give item / drop item | 8 | |
| Remove unit from queue | 7 | |
| Right click | 716 | |
| Select / deselect | 776 | |
| Select group hotkey | 482 | |
| Use ability | 167 | |
2584 total
» units
| Acolyte | 12 | |
| Ghoul | 5 | |
| Necromancer | 11 | |
| Goblin Shredder | 1 | |
| Meatwagon | 16 | |
| Abomination | 3 | |
| Obsidian Statue | 5 | |
53 total
» upgrades
| Unholy Strength | 3 | |
| Unholy Armor | 3 | |
| Cannibalize | 1 | |
| Necromancer Training | 2 | |
| Exhume Corpses | 1 | |
| Skeletal Mastery | 1 | |
| Skeletal Longevity | 1 | |
| Disease Cloud | 1 | |
| Destroyer Form | 1 | |
| Creature Attack | 3 | |
| Creature Carapace | 3 | |
| Banshee Training | 2 | |
| Ghoul Frenzy | 1 | |
| Web | 1 | |
| Burrow | 1 | |
| Stone Form | 1 | |
| Backpack | 1 | |
27 total
» buildings
| Graveyard | 1 | |
| Crypt | 1 | |
| Altar of Darkness | 1 | |
| Ziggurat | 19 | |
| Nerubian Tower | 3 | |
| Halls of the Dead | 1 | |
| Spirit Tower | 15 | |
| Tomb of Relics | 1 | |
| Temple of the Damned | 3 | |
| Slaughterhouse | 4 | |
| Black Citadel | 1 | |
| Necropolis | 1 | |
51 total
» build order
00:08 Graveyard
00:19 Crypt
00:43 Altar of Darkness
00:58 Ziggurat
01:54 Nerubian Tower
02:02 Ziggurat
02:59 Halls of the Dead
04:10 Ziggurat
04:36 Spirit Tower
04:45 Tomb of Relics
05:50 Temple of the Damned
06:16 Slaughterhouse
07:02 Ziggurat
08:05 Ziggurat
08:41 Black Citadel
10:23 Spirit Tower
15:09 Temple of the Damned
15:18 Slaughterhouse
15:49 Slaughterhouse
16:37 Ziggurat
16:38 Ziggurat
16:39 Ziggurat
18:55 Spirit Tower
19:08 Spirit Tower
20:09 Spirit Tower
20:51 Ziggurat
21:53 Spirit Tower
27:14 Ziggurat
27:16 Ziggurat
27:18 Ziggurat
27:19 Ziggurat
27:28 Ziggurat
27:45 Ziggurat
28:07 Spirit Tower
28:12 Spirit Tower
28:25 Spirit Tower
28:42 Spirit Tower
29:11 Nerubian Tower
31:43 Ziggurat
33:47 Spirit Tower
35:36 Ziggurat
35:42 Ziggurat
35:44 Ziggurat
36:52 Spirit Tower
36:53 Spirit Tower
36:53 Nerubian Tower
47:29 Slaughterhouse
47:31 Temple of the Damned
51:23 Necropolis
» items
| Boots of Speed | 1 | |
| Staff of Teleportation | 1 | |
| Orb of Corruption | 1 | |
| Sacrificial Skull | 2 | |
| Scroll of Town Portal | 3 | |
| Potion of Healing | 1 | |
| Scroll of Healing | 3 | |
| Potion of Mana | 2 | |
14 total
pepsiname (
yellow | 46 APM | 2462 actions | 53:54)
6 Paladin
2 Holy Light
2 Divine Shield
1 Devotion Aura
1 Resurrection
2 Archmage
1 Brilliance Aura
1 Blizzard
» actions
| Basic commands | 5 | |
| Build / train | 111 | |
| Enter build submenu | 51 | |
| Enter hero's abilities submenu | 9 | |
| Give item / drop item | 1 | |
| Remove unit from queue | 1 | |
| Right click | 809 | |
| Select / deselect | 1267 | |
| Use ability | 206 | |
2462 total
» units
| Peasant | 23 | |
| Footman | 21 | |
| Knight | 6 | |
| Priest | 6 | |
| Dragonhawk Rider | 11 | |
67 total
» upgrades
| Plating | 2 | |
| Masonry | 1 | |
| Swords | 2 | |
| Priest Training | 2 | |
| Magic Sentry | 1 | |
| Cloud | 1 | |
9 total
» buildings
| Altar of Kings | 1 | |
| Farm | 13 | |
| Barracks | 2 | |
| Lumber Mill | 2 | |
| Blacksmith | 1 | |
| Town Hall | 4 | |
| Keep | 2 | |
| Castle | 1 | |
| Arcane Sanctum | 1 | |
| Scout Tower | 20 | |
| Arcane Tower | 5 | |
| Guard Tower | 13 | |
| Arcane Vault | 1 | |
| Gryphon Aviary | 2 | |
68 total
» build order
00:03 Altar of Kings
00:04 Farm
00:07 Barracks
01:09 Farm
02:51 Lumber Mill
02:56 Blacksmith
03:30 Farm
04:08 Farm
04:13 Barracks
05:11 Farm
05:35 Town Hall
06:11 Farm
06:30 Keep
07:36 Farm
09:02 Castle
10:03 Arcane Sanctum
11:33 Farm
12:12 Lumber Mill
12:24 Scout Tower
14:01 Arcane Tower
14:04 Scout Tower
14:41 Guard Tower
14:41 Guard Tower
14:43 Scout Tower
14:50 Farm
15:28 Guard Tower
15:30 Scout Tower
15:32 Farm
16:35 Guard Tower
16:37 Scout Tower
16:58 Scout Tower
17:40 Arcane Vault
17:42 Guard Tower
17:42 Guard Tower
18:37 Guard Tower
18:37 Guard Tower
18:43 Farm
18:52 Scout Tower
19:21 Guard Tower
19:25 Gryphon Aviary
19:27 Gryphon Aviary
27:06 Town Hall
27:41 Scout Tower
27:42 Scout Tower
27:43 Scout Tower
27:44 Scout Tower
27:47 Scout Tower
27:48 Scout Tower
28:59 Guard Tower
29:32 Town Hall
34:43 Scout Tower
34:59 Scout Tower
35:01 Scout Tower
35:11 Arcane Tower
36:11 Arcane Tower
36:13 Scout Tower
37:53 Guard Tower
44:20 Town Hall
46:03 Farm
50:55 Scout Tower
50:55 Scout Tower
51:06 Scout Tower
52:38 Farm
» items
machx (
teal | 47 APM | 2782 actions | 59:17)
4 Tauren Chieftain
2 War Stomp
2 Endurance Aura
4 Blademaster
2 Wind Walk
2 Critical Strike
3 Shadow Hunter
2 Healing Wave
1 Hex
» actions
| Assign group hotkey | 161 | |
| Basic commands | 284 | |
| Build / train | 89 | |
| ESC pressed | 4 | |
| Enter build submenu | 27 | |
| Enter hero's abilities submenu | 12 | |
| Give item / drop item | 4 | |
| Right click | 1174 | |
| Select / deselect | 216 | |
| Select group hotkey | 669 | |
| Use ability | 142 | |
2782 total
» units
| Peon | 22 | |
| Wind Rider | 13 | |
| Goblin Shredder | 2 | |
37 total
» upgrades
| Ranged Weapons | 3 | |
| Envenomed Spears | 1 | |
| Armor | 1 | |
5 total
» buildings
| Altar of Storms | 1 | |
| Orc Burrow | 16 | |
| Stronghold | 4 | |
| Voodoo Lounge | 1 | |
| War Mill | 1 | |
| Beastiary | 1 | |
| Fortress | 1 | |
| Great Hall | 3 | |
28 total
» build order
00:05 Altar of Storms
00:24 Orc Burrow
01:52 Stronghold
01:53 Stronghold
01:53 Stronghold
01:53 Stronghold
02:34 Voodoo Lounge
03:00 Orc Burrow
03:07 War Mill
04:05 Orc Burrow
04:10 Orc Burrow
04:21 Beastiary
05:06 Fortress
08:25 Great Hall
14:43 Orc Burrow
14:44 Orc Burrow
14:45 Orc Burrow
14:46 Orc Burrow
14:52 Orc Burrow
16:26 Orc Burrow
18:20 Orc Burrow
18:43 Orc Burrow
18:45 Orc Burrow
18:52 Orc Burrow
18:52 Orc Burrow
18:56 Orc Burrow
33:40 Great Hall
34:29 Great Hall
» items
| Lesser Clarity Potion | 3 | |
| Healing Salve | 1 | |
| Orb of Lightning | 3 | |
| Scroll of Town Portal | 6 | |
| Potion of Healing | 5 | |
| Potion of Mana | 4 | |
| Orb of Venom | 1 | |
| Boots of Speed | 3 | |
| Scroll of Protection | 1 | |
| Scroll of Healing | 1 | |
28 total
Chat log
(00:19 / All) LoveChampion: my neck is hurting son
(00:34 / All) Marxes: why, father?
(00:45 / All) LoveChampion: I was in a wreck today
(01:05 / Allies) pepsiname: knights and priests
(01:08 / All) LoveChampion: Icy roads are fun and no fun
(01:09 / Allies) Marxes: Necrowagon
(01:21 / All) machx: where u from
(01:27 / All) LoveChampion: Indiana
(01:35 / All) machx: ooo... new jersey had snow too
(01:41 / All) machx: not that bad though... 4-6
(01:49 / All) LoveChampion: Not much snow just really really icy
(07:09 / Allies) pepsiname: gave u mantle green yi
(07:11 / Allies) pepsiname: fyi
(07:13 / Allies) Marxes: ty!
(08:56 / All) jewBroadsSuck: I AM OWNING U FUCKIN DUDE LEAVE
(09:07 / All) Marxes: lol
(09:20 / All) jewBroadsSuck: CREEEPS AND YELWLO GOT RAPED
(09:44 / All) LoveChampion: oops lawl
(11:00 / All) machx: jew broads give the best head
(11:45 / Allies) Marxes: I'll expo here
(11:50 / Allies) pepsiname: okk
(11:54 / Allies) pepsiname: u got eye
(12:49 / Allies) Marxes: tp
(13:15 / Allies) doomed: first
(13:53 / All) pepsiname: gg
(14:19 / All) machx: GTFO NIGGER
(15:12 / All) machx: OUTTA MY SHOP TOO
(17:38 / Allies) machx: yellow
(17:43 / Allies) machx: what kind of nigger are u with no shop?
(17:58 / Allies) pepsiname: cheap nigga
(18:29 / Allies) machx: gold plz
(18:39 / Allies) machx: ty
(20:28 / Allies) pepsiname: gettin dragons now
(20:56 / Allies) Marxes: gold please
(21:04 / Allies) Marxes: ty
(21:31 / Allies) doomed: move
(23:33 / Allies) machx: this fuckin nigger
(26:27 / Allies) machx: who needs gold
(26:30 / Allies) Marxes: I do
(26:30 / Allies) pepsiname: me lol
(26:44 / Allies) pepsiname: green
(26:44 / Allies) Marxes: wow, thank you teal!
(26:48 / Allies) Marxes: ?
(26:51 / Allies) machx: np
(26:58 / Allies) Marxes: I'm upgrading btw yellow, thats why I haven't hit
(26:58 / Allies) pepsiname: u have max food nd 1100 lol
(27:28 / Allies) pepsiname: taKE THAT OUTR
(27:36 / Allies) machx: yea
(27:48 / Allies) machx: go all
(27:53 / Allies) Marxes: too risky
(27:55 / Allies) Marxes: they might tp
(28:00 / Allies) pepsiname: i got cloud
(28:05 / Allies) pepsiname: aim for mIN
(28:06 / Allies) machx: they might dominate the fucking map
(28:06 / Allies) pepsiname: MAIN
(28:08 / Allies) machx: o wait they are
(28:10 / Allies) pepsiname: IS NOT BUILT YET
(28:36 / Allies) machx: more cloud
(28:40 / Allies) machx: cool
(28:43 / Allies) machx: who needs gold
(28:53 / All) machx: they coming
(28:59 / Allies) Marxes: b
(29:52 / Allies) machx: green
(29:54 / Allies) machx: u might as well afk
(29:58 / Allies) machx: ur totally fucking useless
(29:59 / Allies) machx: why would u b?
(30:00 / Allies) Marxes: told you it was too risky
(30:02 / Allies) Marxes: you didn't b
(30:05 / Allies) machx: ur a fucking moron
(30:07 / Allies) machx: we beat them without u
(30:09 / Allies) machx: dip shit
(30:20 / Allies) machx: u trying to lose?
(30:21 / Allies) Marxes: so rude
(30:26 / Allies) machx: lol
(30:35 / Allies) doomed: why?>
(30:41 / Allies) Marxes: hes' a dick thats why
(30:47 / Allies) doomed: who?
(30:51 / Allies) machx: here have some cash
(30:54 / Allies) Marxes: you asked why I am afking
(30:55 / Allies) machx: better?
(30:59 / Allies) Marxes: ya ty
(31:04 / Allies) machx: lol
(31:25 / Allies) doomed: does anyone know?
(31:27 / Allies) doomed: why that idiot
(31:28 / Allies) doomed: mad?
(31:30 / Allies) doomed: lol
(31:30 / Allies) pepsiname: what
(31:33 / Allies) Marxes: idk why teal is mad
(31:47 / Allies) machx: cuz we were in huyge battle
(31:50 / Allies) machx: and u ran away
(31:52 / Allies) machx: left us
(31:58 / Allies) Marxes: I told you to b and that its too risky
(32:09 / Allies) machx: it was not risky
(32:11 / Allies) pepsiname: green
(32:11 / Allies) machx: we beat them without u
(32:15 / Allies) pepsiname: wtf
(32:16 / Allies) Marxes: WTF teal
(32:19 / Allies) Marxes: BACKSTABBER?
(32:19 / Allies) pepsiname: did u destroy it???
(32:24 / All) Marxes: FUCKING TEAL
(32:27 / All) Marxes: BSING PIECE OF SHIT
(32:27 / All) Marxes: WTF
(32:37 / Allies) Marxes: WHY
(32:43 / Allies) pepsiname: dude i saw ur units in my base
(32:45 / Allies) machx: how am i bsing? do u see units attacking u?
(32:46 / Allies) machx: retard
(32:54 / All) Marxes: YOU ATTACKED YELLOW FUCKER
(32:59 / Allies) pepsiname: green
(33:03 / Allies) pepsiname: u had cata
(33:06 / Allies) pepsiname: i knew u did
(33:07 / Allies) machx: omg my head hurts
(33:09 / Allies) pepsiname: and theres no way
(33:09 / Allies) machx: fucking idiot
(33:19 / Allies) Marxes: HE HAS TPS
(33:22 / Allies) pepsiname: not you teal
(33:23 / Allies) Marxes: HE FUCKING BACKSTABBED US COCKSUCJKER
(33:24 / Allies) pepsiname: green
(34:00 / Allies) machx: watch
(34:02 / Allies) machx: im gonna reveal his ass
(34:03 / Allies) machx: soon
(34:11 / Allies) Marxes: whos?
(34:16 / Allies) pepsiname: hes gone
(34:17 / Allies) Marxes: you're a backstabber already revealed fucker
(34:19 / Allies) pepsiname: he tped out
(34:43 / Allies) machx: green
(34:46 / Allies) Marxes: ?
(34:46 / Allies) machx: will u attack
(34:50 / Allies) machx: ???
(34:51 / Allies) Marxes: attack who?
(34:54 / Allies) machx: enemy
(34:59 / Allies) Marxes: they are towered strong i Can't
(35:20 / Allies) machx: you have catapualts
(35:28 / Allies) pepsiname: teal
(35:29 / Allies) Marxes: my other units could die
(35:33 / Allies) Marxes: u could backstab us again
(35:37 / Allies) pepsiname: i got two priests on u with inner fire
(35:46 / Allies) machx: cool thanks
(36:04 / Allies) doomed: come teal
(36:09 / Allies) doomed: let's kill this
(36:11 / Allies) Marxes: hit oj
(36:14 / Allies) Marxes: he has shit and is a threat
(36:35 / Allies) pepsiname: ill atack south u do north
(36:37 / Allies) machx: yellow
(36:39 / Allies) machx: watch priests
(36:42 / Allies) machx: dont le tdie to tower
(36:59 / Allies) pepsiname: wait
(37:02 / Allies) machx: sweet inner fire
(37:02 / Allies) pepsiname: for more clouds
(37:03 / Allies) pepsiname: green
(38:27 / Allies) pepsiname: teal
(38:28 / Allies) pepsiname: take
(38:29 / Allies) pepsiname: i feed u
(38:47 / Allies) Marxes: FUCKIGN BACKSATBBER KILLED M YHERO MOTHERCUEKR
(39:10 / All) machx: HAHAHAHA
(39:11 / Allies) Marxes: YOU FCKING BSER TRIED TO KILL YELLOW NOW ME
(39:21 / All) machx: HAHAHAHAHA
(40:22 / Allies) pepsiname: dude we lost
(40:27 / Allies) pepsiname: red massed bats
(40:28 / Allies) Marxes: cuz of teal fucking bser
(40:34 / Allies) machx: hahahaha
(40:39 / Allies) machx: gg
(40:43 / Allies) Marxes: cunt
(41:04 / Allies) machx: enjoy ur loss green
(41:12 / Allies) Marxes: I am 0-0 cocksucking chimp
(41:19 / Allies) machx: so make another new account
(41:26 / Allies) Marxes: we won fag
(41:45 / All) Marxes: Teal
(41:53 / All) Marxes: I do the seeing, the slaying, the talking and stalking
(41:56 / All) Marxes: Not you
(42:03 / All) Marxes: You will never understand this
(42:18 / All) Marxes: And now our team must lose because of you
(42:30 / All) Marxes: You killed my lich and I killed 3 mains
(42:37 / All) Marxes: It's over, you lost
(42:39 / All) Marxes: Get over it
(43:20 / All) Marxes: Teal, this is why you never kill the hero of a former rank #1 RT player
(43:31 / All) machx: LOL
(43:35 / All) machx: rigth
(43:37 / All) Marxes: I am 40-10 on my main account sir
(43:42 / All) Marxes: Want me to whisper you after?
(43:45 / Allies) pepsiname: cmon man wtf
(43:45 / All) machx: ROFL
(43:48 / Allies) pepsiname: i didnt do shit
(43:48 / All) machx: how much u pay for it
(43:55 / All) Marxes: $0, I made it faggot
(43:57 / All) Marxes: Main is UD on it
(44:00 / All) machx: AHAHAHAH
(44:09 / All) machx: enjoy ur loss green
(44:14 / All) Marxes: I will savour it
(44:20 / All) Marxes: Highper.ch, replay will be uploaded
(44:24 / All) Marxes: Your family name humiliated
(44:57 / All) Marxes: Yellow, please give up and stop wasting your time
(44:58 / All) Marxes: You lost
(45:00 / All) Marxes: It's over
(45:11 / All) Marxes: You are 75-84, soon to be 75-85
(45:24 / All) machx: make more new accounts green
(45:31 / All) Marxes: I shall
(45:32 / All) machx: maybe one day you will get above 50%
(45:33 / All) machx: LOL
(45:44 / All) Marxes: I am 80% on my main fool
(45:49 / All) machx: ROFL
(45:50 / All) machx: SHURE
(45:55 / All) Marxes: I will whisper you after
(45:59 / All) machx: dude
(46:06 / All) Marxes: umad
(46:07 / All) machx: i care
(46:10 / All) machx: u lie LOL
(46:12 / All) Marxes: I can tell
(46:23 / All) Marxes: You are 452-532, you care about your record very much
(46:30 / All) machx: LOL
(46:35 / All) Marxes: lolololololo!
(46:36 / All) machx: you know how many of those are BS?
(46:38 / All) machx: just like this one
(46:40 / All) machx: hahaha
(46:41 / All) machx: so actually
(46:45 / All) Marxes: 3v4 is not hard sir, you just suck cock
(46:46 / All) machx: u play quite well into the scheme
(46:47 / All) machx: dip shit
(46:48 / All) machx: hahahaha
(47:00 / All) machx: dude ur mentally retarded green
(47:06 / All) machx: u afked during battle rofl
(47:21 / All) Marxes: Uh, no? I was here all game, just biding my time to stab
(48:48 / All) machx: plz win red / pink
(48:52 / All) Marxes: LOL
(48:54 / All) machx: er
(48:56 / All) machx: its just pink
(48:57 / All) machx: fuck
(48:58 / All) pepsiname: well thats gg bc green got smething stuck up his AA
(49:00 / All) Marxes: Pink is on my side and helped me stab
(49:01 / All) machx: no way he's winning =[
(49:05 / All) pepsiname: Aaa
(49:07 / All) pepsiname: ass
(49:10 / All) Marxes: umad
(49:17 / All) machx: pink is the only player worse than green
(49:20 / All) pepsiname: UR FUCKING STUPID.
(49:20 / All) Marxes: lol
(49:25 / All) Marxes: I am 40-10 like I said, 80% ez
(49:29 / All) machx: LOL
(49:34 / All) machx: stop lying green
(49:35 / All) Marxes: Scrubs like you are always fun to molest
(49:37 / All) machx: ur making me rofl
(49:40 / All) machx: LOL
(49:42 / All) Marxes: You can stats me after the game when I whisper you
(49:43 / All) machx: hahahahaaha
(49:44 / All) pepsiname: i dont give A FLYIN FUCK BOUT UR RECORD.
(49:46 / All) Marxes: i can tell you're super ultra mad
(49:58 / All) machx: i can stick my fat nigger cock so deep up your ass you will be hiccuping chocolate for the rest of your life
(50:23 / All) Marxes: orly, I'd like to see you try. my address is 2960 houston street california in LA
(50:26 / All) machx: only way youre still in business is i gave you 5k gold rofl
(50:54 / All) machx: so you're a hollywood transexuaL?
(50:58 / All) Marxes: lol
(51:09 / All) Marxes: how mad you are bro?
(51:50 / All) doomed: won because of youir clon green
(51:53 / All) doomed: dumb asses
(52:00 / All) Marxes: umad
(52:02 / All) Marxes: leave fags
(52:03 / All) Marxes: highper.ch
(52:07 / All) Marxes: your family name was humiliated
(53:07 / All) pepsiname: lmAO
(53:11 / All) pepsiname: good si
(53:13 / All) pepsiname: ahit
(53:15 / Allies) pepsiname: shit
(53:16 / All) Marxes: I think you're mad
(53:28 / All) Marxes: As evident by your spread out buildings
(53:33 / All) Marxes: I'll have to remedy that soon, as well
(54:05 / All) Marxes: Now only you need to leave teal, unless you're too asspained?
(55:18 / All) Marxes: Teal, you got raped. Don't be afraid to admit it, if your asshole is still a little clenched
(56:28 / All) Marxes: Teal, maybe I can give you some dry rape next time I see you in-game. I'll make sure to whisper you after this on my main, sir
(56:53 / All) LoveChampion: I'm amazed that they never took out my main
(57:08 / All) Marxes: They were absolutely horrible
(57:57 / All) Marxes: Any parting words, teal? Last tidbits of rage? Final screams of agony?
(58:10 / All) Marxes: One building remains, and when it dies so shall you
(58:30 / All) Marxes: I'm sorry if you're so angry that your asshole is going gangrene and leaking blood, but that's just the way it is
(58:35 / All) Marxes: Maybe you could ask a doctor about it?
(59:05 / All) Marxes: I suppose he's AFK, and by AFK that of course means a fucking kid.
(59:14 / All) Marxes: Goodbye, teal, you didn't leave and got a loss instead of tie